 Dungeon Crawl Stone Soup version 0.30.1-4-g462c640d31 (webtiles) character file.

Game seed: 14748548584189260771

95 runtimethecat the Grave Robber (level 4, -6/24 HPs)
             Began as a Deep Elf Necromancer on Aug 26, 2023.
             Was an Initiate of Hepliaklqana.
             Killed by divine providence
             ... invoked by an orc priest
              (12 damage)
             ... on level 3 of the Dungeon.
             The game lasted 00:15:57 (2276 turns).

runtimethecat the Grave Robber (DENe)               Turns: 2276, Time: 00:15:58

Health: -6/24      AC:  3    Str:  5    XL:     4   Next: 39%
Magic:  10/12      EV: 12    Int: 22    God:    Hepliaklqana [......]
Gold:   112        SH:  0    Dex: 15    Spells: 11/12 levels left

rFire   . . .        s - +0 dagger (protect)
rCold   . . .        (no shield)
rNeg    . . .        a - +0 robe
rPois   .            (no helmet)
rElec   .            (no cloak)
rCorr   .            (no gloves)
SInv    .            u - +0 pair of boots
Will    .....        g - amulet of magic regeneration
Stlth   ++           (no ring)
HPRegen 0.24/turn    (no ring)
MPRegen 0.53/turn

%: no passive effects
@: no status effects
A: no striking features
a: Renounce Religion


You were on level 3 of the Dungeon.
You worshipped Hepliaklqana.
Hepliaklqana was noncommittal.
You visited 1 branch of the dungeon, and saw 3 of its levels.

You collected 112 gold pieces.

Inventory:

Hand Weapons
 r - a +0 short sword
 s - a +0 dagger of protection (weapon)
Missiles
 h - 6 poisoned darts
 t - 6 atropa-tipped darts
Armour
 a - a +0 robe (worn)
 u - a +0 pair of boots (worn)
Jewellery
 g - an amulet of magic regeneration (around neck)
 n - a ring of ice
Scrolls
 c - 3 scrolls of poison {unknown}
 e - 3 scrolls of fog {unknown}
 f - a scroll of vulnerability {unknown}
 i - 2 scrolls of identify {unknown}
 j - a scroll of enchant armour {unknown}
 k - a scroll of teleportation {unknown}
 l - a scroll of fear {unknown}
 p - a scroll of acquirement {unknown}
 q - a scroll of noise {unknown}
Potions
 b - a potion of magic
 d - 4 potions of curing {unknown}
 m - a potion of attraction {unknown}
 o - a potion of berserk rage {unknown}


   Skills:
 + Level 0.2 Short Blades
 + Level 2.6 Dodging
 + Level 2.6 Stealth
 + Level 4.6 Spellcasting
 + Level 6.0 Necromancy


You had 11 spell levels left.
You knew the following spells:

 Your Spells              Type           Power      Damage    Failure   Level
a - Necrotise             Necr           100%       1d9       1%          1

Your spell library contained the following spells:

 Spells                   Type           Power      Damage    Failure   Level
 Vampiric Draining        Necr           31%        2d8       2%          3
 Animate Dead             Necr           31%        N/A       9%          4
 Beastly Appendage        Tmut           10%        N/A       11%         1
 Wereblood                Tmut           5%         N/A       16%         2
 Agony                    Necr           31%        N/A       24%         5
 Spider Form              Tmut/Pois      5%         N/A       30%         3


Dungeon Overview and Level Annotations

Branches:
Dungeon (3/15)

Altars:
Hepliaklqana

Annotations:
D:3 Sigmund


Message History

Aim: an orc, wielding a +0 whip (ally target, chance to affect: 93%)
The orc writhes in agony.
The goblin shouts!
You hear a shout! x3
An orc priest comes into view. It is wielding a +0 morningstar.
Sigmund shouts!
Aiming: Necrotise (safe; 1% risk of failure)
Press: ? - help, Q - select action, (/) - cycle Shift-Dir - straight line, f/p - orc
Aim: an orc, wielding a +0 whip (severely wounded, ally target, chance to affect: 93%)
The orc writhes in agony!
You kill the orc!
Sigmund says, "Don't worry, I'll kill you fast."
Aiming: Necrotise (safe; 1% risk of failure)
Press: ? - help, Q - select action, (/) - cycle Shift-Dir - straight line, f - goblin
Aim: a goblin, wielding a +0 dagger (ally target, chance to affect: 93%)
The goblin writhes in agony!
You kill the goblin!
The dead are walking!
An orc comes into view. It is wielding a +2 heavy flail.
Aiming: Necrotise (safe; 1% risk of failure)
Press: ? - help, Q - select action, (/) - cycle Shift-Dir - straight line, f - orc priest
Aim: an orc priest, wielding a +0 morningstar and wearing a +0 ring mail (ally target, chance to affect: 83%)
The orc priest writhes in agony.
An orc comes into view. It is wielding a +0 hand axe.
The orc priest hits you with a +0 morningstar!
Aiming: Necrotise (safe; 1% risk of failure)
Press: ? - help, Q - select action, (/) - cycle Shift-Dir - straight line, f/p - orc priest
Aim: an orc priest, wielding a +0 morningstar and wearing a +0 ring mail (moderately wounded, ally target, chance to affect: 83%)
The orc priest writhes in agony.
Sigmund hits you from afar with a +0 scythe!
* * * LOW HITPOINT WARNING * * *
The orc priest hits you with a +0 morningstar.
* * * LOW HITPOINT WARNING * * *
Your goblin skeleton hits the orc priest but does no damage.
Your orc skeleton barely misses the orc priest.
You swap places.
The orc priest calls down the wrath of Beogh upon you.
Beogh smites you!
Ouch! That really hurt!
You die...

#.# .. #.# #.# #.# ##
#.# #.# ... #.# #>#
...o #.# #.# ...8o #.#
#.# ...8.@####.# #.#
#8.88ZoZ@..##########.#
#...wZ###.............#
..... ###############
####


You could see Sigmund, a worm, an orc priest (ally target), a friendly ball
python skeleton, a friendly goblin skeleton and a friendly orc skeleton.

Vanquished Creatures
  An adder (D:2)
  A worm (D:2)
  A dart slug (D:1)
  An orc (D:3)
  10 ball pythons
  10 bats
  6 endoplasms
  2 giant cockroaches
  7 goblins
  5 hobgoblins
  3 jackals (D:1)
  5 quokkas
  A ball python skeleton (D:3)
  A ball python zombie (D:3)
  4 frilled lizards (D:1)
  5 kobolds
  2 rats
65 creatures vanquished.

Vanquished Creatures (collateral kills)
  A ball python (D:1)
  A goblin (D:1)
  A hobgoblin (D:1)
  A quokka (D:2)
  A rat (D:1)
5 creatures vanquished.

Grand Total: 70 creatures vanquished

Notes
Turn   | Place    | Note
-------+----------+-------------------------------------------
     0 | D:1      | runtimethecat the Deep Elf Necromancer began the quest for
                  | the Orb.
     0 | D:1      | Reached XP level 1. HP: 10/10 MP: 6/6
   177 | D:1      | Reached skill level 5 in Necromancy
   358 | D:1      | Reached XP level 2. HP: 15/15 MP: 6/8
   591 | D:1      | Reached XP level 3. HP: 19/19 MP: 8/10
   636 | D:1      | You fall into a shaft and drop 1 floor!
  1228 | D:2      | Found a hazy altar of Hepliaklqana.
  1236 | D:2      | Became a worshipper of Hepliaklqana the Forgotten
  1679 | D:2      | Reached XP level 4. HP: 24/24 MP: 12/12
  2206 | D:3      | Reached skill level 6 in Necromancy
  2270 | D:3      | Noticed Sigmund
  2276 | D:3      | Killed from afar by an orc priest

Illustrated notes

Levels and vault maps discovered:
D:1:      dpeg_arrival_circle_labyrinth_c, layout_basic, minmay_hexomino_f4
D:2:      layout_loops_corners, basic_altar
D:3:      layout_loops_ring, marbit_many_paths, serial_undead, serial_undead_b,
          serial_undead_c, serial_undead_d, serial_undead_c, uniq_sigmund

Skill      XL: |  1  2  3  4 |
---------------+-------------+-----
Necromancy     | 5 6 |  6.0
Spellcasting   | 4 |  4.6
Short Blades   | |  0.2
Dodging        | |  2.6
Stealth        | |  2.6

Action                     |  1- 3 |  4- 6 || total
---------------------------+-------+-------++-------
  Melee: Dagger            |    26 |    19 ||    45
   Cast: Necrotise         |    64 |    26 ||    90
 Armour: Robe              |    11 |     6 ||    17
  Dodge: Dodged            |    28 |    11 ||    39
